 Dungeon Crawl Stone Soup version 0.21-a0-442-g848f44b (webtiles) character file.

4569 Lazav66 the Cleaver (level 10, -12/92 HPs)
             Began as a Deep Dwarf Fighter on Nov 14, 2017.
             Was a Priest of Elyvilon (penitent).
             Mangled by a two-headed ogre
             ... wielding a +0 giant club
              (20 damage)
             ... on level 9 of the Dungeon.
             The game lasted 00:19:36 (6490 turns).

Lazav66 the Cleaver (Deep Dwarf Fighter)            Turns: 6490, Time: 00:19:37

Health: -12/92     AC: 13    Str: 24    XL:     10   Next: 18%
Magic:  7/7        EV:  5    Int: 10    God:    Elyvilon [*]
Gold:   505        SH: 11    Dex: 14    Spells: 9/9 levels left

rFire    . . .     SeeInvis .   l - +6 hand axe "Kafed" {chop, Str+2 Int+2}
rCold    . . .     Gourm    .   c - +0 shield
rNeg     . . .     Faith    .   z - +0 plate armour
rPois    +         Spirit   .   (no helmet)
rElec    .         Reflect  .   F - scarf {repulsion}
rCorr    .         Harm     .   (no gloves)
MR       +....                  (no boots)
Stlth    ..........             (no amulet)
HPRegen  0.00/turn              D - ring of poison resistance
MPRegen  0.10/turn              E - ring of flight

@: lethally poisoned (-12 -> -12), protection, marked, non-regenerating, repel
missiles
A: damage resistance, heal wounds, sense surroundings 2, no regeneration
a: Heal Wounds, Renounce Religion, Evoke Flight


You were on level 9 of the Dungeon.
You worshipped Elyvilon.
Elyvilon was demanding penance.
You were not hungry.

You visited 1 branch of the dungeon, and saw 9 of its levels.

You collected 565 gold pieces.
You spent 60 gold pieces at shops.

Inventory:

Hand Weapons
 a - a +0 war axe
 l - the +6 hand axe "Kafed" (weapon) {chop, Str+2 Int+2}
   (You found it on level 4 of the Dungeon)

   It inflicts extra damage upon your enemies.
   It affects your strength (+2).
   It affects your intelligence (+2).
 p - a +5 flail of protection
 H - a cursed +3 war axe
 L - a cursed -1 war axe
Armour
 c - a +0 shield (worn)
 z - a +0 plate armour (worn)
 F - a scarf of repulsion (worn)
Jewellery
 D - a ring of poison resistance (left hand)
 E - a ring of flight (right hand)
 G - an uncursed ring of protection from magic {unknown}
Wands
 C - a wand of paralysis (8/24)
 I - a wand of enslavement (17/24)
Scrolls
 b - 7 scrolls of identify
 e - a scroll of fog {unknown}
 g - a scroll of immolation {unknown}
 j - 5 scrolls of teleportation {unknown}
 o - a scroll of fear {unknown}
 s - 4 scrolls of amnesia {unknown}
 t - 2 scrolls of magic mapping {unknown}
 x - 2 scrolls of blinking {unknown}
 y - a scroll of random uselessness {unknown}
 A - a scroll of vulnerability {unknown}
 K - 6 scrolls of remove curse
Potions
 d - 2 potions of might
 k - a potion of heal wounds
 m - 5 potions of resistance
 q - a potion of agility
 r - 3 potions of brilliance
 u - a potion of berserk rage
 v - a potion of haste {unknown}
 w - 2 potions of degeneration {unknown}
 B - a potion of lignification {unknown}
Comestibles
 f - 10 bread rations
 h - 5 meat rations
 i - a chunk of flesh
 n - a royal jelly
 J - 2 fruits


   Skills:
 + Level 6.7 Fighting
 * Level 10.5 Axes
 + Level 8.0 Armour
 + Level 8.0 Shields


You had 9 spell levels left.
You didn't know any spells.

Dungeon Overview and Level Annotations

Branches:
Dungeon (9/15)             Temple (0/1) D:7
   Lair: D:8-11         Orc: D:9-12

Altars:
Cheibriados
Dithmenos
Elyvilon
Fedhas
Hepliaklqana
Kikubaaqudgha
Makhleb
Nemelex Xobeh
Okawaru
Sif Muna
Uskayaw
Xom
Yredelemnul
The Shining One

Shops:
D:5 *%%![   D:8 [

Annotations:
D:8 exclusion: ice statue


Innate Abilities, Weirdness & Mutations

You are resistant to damage.
You can heal yourself by infusing magical energy.
You passively map the area around you.
You do not regenerate.


Message History

You beseech Elyvilon to protect your life.
The two-headed ogre hits you but does no damage.
The two-headed ogre hits you with a giant club!
* * * LOW HITPOINT WARNING * * *
You block the two-headed ogre's attack.
The two-headed ogre hits you with a giant club!
* * * LOW HITPOINT WARNING * * *
You barely miss the two-headed ogre.
The two-headed ogre is almost dead.
You hit the two-headed ogre.
You block the two-headed ogre's attack. x2
You slash the two-headed ogre!
You kill the two-headed ogre!
Elyvilon does not appreciate your shedding blood when asking for salvation!
You feel extremely guilty. "You will pay for your transgression, mortal!"
Your Armour skill increases to level 8!
Your Shields skill increases to level 8!
You hit the two-headed ogre.
The two-headed ogre hits you with a giant club!!
You die...

#............. , *
#.............,, ,
#............. , *
#............., ,, *
#.....>†......, , ,
#......# * ** *
#......# #.....O#
#.....@# ######)# #5# *
######.#
#......########
#.............#
#.............########.
#......................
#........##'###........


You could see a two-headed ogre and a crimson imp.

Vanquished Creatures
  A two-headed ogre (D:9)
  Maurice (D:8)
  A troll (D:8)
  A hornet (D:9)
  Menkaure (D:4)
  Edmund (D:4)
  3 phantoms
  An ice beast (D:9)
  2 orc warriors
  A sky beast (D:6)
  A black bear (D:4)
  A necrophage (D:8)
  3 ogres
  A centaur (D:7)
  Blork the orc (D:4)
  2 bullfrogs (D:6)
  5 scorpions
  5 wights (D:7)
  A howler monkey (D:4)
  A centaur zombie (D:5)
  2 crimson imps
  3 jellies
  A bullfrog skeleton (D:6)
  An orc priest (D:5)
  4 hounds
  7 orc wizards
  2 iguanas
  6 worker ants
  A mummy (D:6)
  A worker ant zombie (D:6)
  7 gnolls
  11 adders
  3 shadow imps (D:6)
  2 oozes (D:3)
  2 adder skeletons
  2 worms
  A dart slug (D:1)
  9 leopard geckos
  29 orcs
  6 ball pythons
  14 bats
  A bat zombie (D:2)
  6 giant cockroaches
  9 goblins
  5 hobgoblins
  9 jackals
  4 quokkas
  9 frilled lizards
  4 kobolds
  2 leopard gecko skeletons (D:5)
  7 rats
204 creatures vanquished.

Notes
Turn   | Place    | Note
-------+----------+-------------------------------------------
     0 | D:1      | Lazav66 the Deep Dwarf Fighter began the quest for the Orb.
     0 | D:1      | Reached XP level 1. HP: 20/20 MP: 1/1
   155 | D:1      | Reached XP level 2. HP: 25/27 MP: 2/2
   755 | D:1      | Reached skill level 3 in Axes
   755 | D:1      | Reached XP level 3. HP: 32/33 MP: 3/3
   910 | D:2      | Found a burning altar of Makhleb.
   917 | D:2      | Found a basalt altar of Yredelemnul.
  1124 | D:2      | You fall through a shaft for 2 floors!
  1134 | D:4      | Reached XP level 4. HP: 41/42 MP: 4/4
  1143 | D:4      | Found a hide-covered altar of Uskayaw.
  1152 | D:4      | Got a slimy hand axe
  1153 | D:4      | Identified the +6 hand axe "Kafed" {chop, Str+2 Int+2} (You found it on level 4 of the Dungeon)
  1273 | D:4      | Noticed Edmund
  1291 | D:4      | Killed Edmund
  1291 | D:4      | Reached skill level 4 in Axes
  1291 | D:4      | Reached XP level 5. HP: 37/49 MP: 5/5
  1309 | D:4      | Noticed an ogre
  1336 | D:4      | Killed an ogre
  1336 | D:4      | Reached XP level 6. HP: 31/56 MP: 6/6
  1661 | D:4      | Noticed Blork the orc
  1668 | D:4      | Killed Blork the orc
  1668 | D:4      | Reached skill level 5 in Axes
  1768 | D:4      | Noticed Menkaure
  1771 | D:4      | Killed Menkaure
  1771 | D:4      | Reached skill level 5 in Armour
  1771 | D:4      | Reached skill level 5 in Shields
  1771 | D:4      | Reached XP level 7. HP: 50/64 MP: 7/7
  1993 | D:4      | Reached skill level 6 in Axes
  2062 | D:2      | Found a hazy altar of Hepliaklqana.
  2327 | D:3      | Found a white marble altar of Elyvilon.
  2335 | D:3      | Became a worshipper of Elyvilon the Healer
  3055 | D:2      | Reached * piety under Elyvilon
  3175 | D:2      | Found a blossoming altar of Fedhas.
  3315 | D:4      | Reached XP level 8. HP: 64/73 MP: 8/8
  3336 | D:4      | Reached skill level 7 in Axes
  3527 | D:5      | Entered Level 5 of the Dungeon
  3554 | D:5      | Found Teareg Hylu's Distillery.
  3672 | D:5      | Found Sucij's Armour Shoppe.
  3713 | D:5      | Found a hazy altar of Hepliaklqana.
  3787 | D:5      | Bought a potion of heal wounds for 60 gold pieces
  3827 | D:5      | Found Elopuaru's Food Boutique.
  3880 | D:5      | Found Foeh's General Store.
  3884 | D:5      | Found an ancient bone altar of Kikubaaqudgha.
  4021 | D:5      | Found a glowing golden altar of the Shining One.
  4067 | D:5      | Found Lupeqis's Food Shoppe.
  4117 | D:5      | Reached skill level 5 in Fighting
  4139 | D:5      | Found an iron altar of Okawaru.
  4269 | D:6      | Reached ** piety under Elyvilon
  4519 | D:6      | Reached skill level 8 in Axes
  4556 | D:6      | Found a snail-covered altar of Cheibriados.
  4660 | D:6      | Found a deep blue altar of Sif Muna.
  4969 | D:6      | Found a shadowy altar of Dithmenos.
  5215 | D:7      | Gained mutation: You passively map the area around you. [Deep Dwarf growth]
  5215 | D:7      | Reached XP level 9. HP: 73/81 MP: 7/7
  5254 | D:7      | Found a staircase to the Ecumenical Temple.
  5390 | D:7      | Reached skill level 9 in Axes
  5556 | D:7      | Found a shimmering altar of Xom.
  5563 | D:7      | Reached *** piety under Elyvilon
  5942 | D:8      | Noticed Maurice
  5968 | D:8      | Noticed a troll
  5971 | D:8      | Killed Maurice
  5976 | D:8      | Killed a troll
  6080 | D:8      | Found a sparkling altar of Nemelex Xobeh.
  6194 | D:8      | Reached skill level 10 in Axes
  6249 | D:8      | Noticed an ice statue
  6272 | D:8      | Found Sizive Qeva's Armour Shop.
  6474 | D:9      | Noticed a two-headed ogre
  6474 | D:9      | Reached XP level 10. HP: 86/92 MP: 7/7
  6477 | D:9      | Noticed a two-headed ogre
  6490 | D:9      | Killed a two-headed ogre
  6490 | D:9      | Was placed under penance by Elyvilon
  6490 | D:9      | Mangled by a two-headed ogre

Vault maps used:
D:1:      nzn_arrival_water_spiral
D:2:      lemuel_upstairs_altar, lemuel_doored_altar, old_standard_altar,
          marbit_many_paths, first_bread, serial_undead, serial_undead_e,
          serial_undead_c, serial_undead_a, serial_undead_f
D:3:      elyvilon_altar_4
D:4:      eat_drink_and_be_merry_uskayaw, hangedman_decor_growths,
          grunt_ministairs_6, minmay_snake_closets, uniq_edmund, uniq_menkaure,
          uniq_blork_the_orc
D:5:      nicolae_overflow_crystal_walls, kiku_gazebo_garden_becter,
          lemuel_round_altar, serial_shops, shop_coins, nicolae_shop_stone,
          nicolae_shop_crystal, shop_fountains, shop, okawaru_metal_pillars_1_2
D:6:      overflow_temple_1_default, slow_altar_1, basic_altar
D:7:      lemuel_round_altar, minmay_temple_entry_statues
D:8:      lemuel_ice_statue, lemuel_coloured_pillars_altar, serial_shops,
          nicolae_shop_trees, uniq_maurice
D:9:      lemuel_crystal_altar, ashenzari_altar_1, lightli_wizard_tower

Skill      XL: |  1  2  3  4  5  6  7  8  9 10 |
---------------+-------------------------------+-----
Axes           | 3 4 5 6 8 10 | 10.5
Fighting       | 3 4 5 6 |  6.7
Armour         | 4 5 6 7 8 |  8.0
Shields        | 4 5 6 7 8 |  8.0

Action                   |  1- 3 |  4- 6 |  7- 9 | 10-12 || total
-------------------------+-------+-------+-------+-------++-------
Melee: War axe           |   135 |     4 |       |       ||   139
       Hand axe          |       |    43 |   523 |    10 ||   576
Invok: Lesser Healing    |       |       |     2 |       ||     2
       Divine Protection |       |       |       |     1 ||     1
 Abil: Heal Wounds       |     1 |     2 |    15 |       ||    18
  Use: Scroll            |       |       |     5 |       ||     5
  Eat: Chunk             |     1 |     2 |    16 |       ||    19
Armor: Scale mail        |    82 |    14 |    37 |       ||   133
       Plate armour      |       |       |   130 |     1 ||   131
Dodge: Dodged            |    44 |     8 |    90 |     3 ||   145
       Deflected         |       |       |     1 |       ||     1
Block: Shield            |    95 |    13 |   205 |     7 ||   320

Table legend:
 A = Spawn XP
 B = Non-spawn XP
 C = Spawn XP percentage of total XP
 D = Spawn monster count
 E = Non-spawn monster count
 F = Spawn count percentage of total count
 G = Total turns spent on level
                    A         B        C        D         E        F      G
               +---------+---------+-------+---------+---------+-------+---------
         Total |       0 |    6528 |   0.0 |       0 |     204 |   0.0 |  6490
               +---------+---------+-------+---------+---------+-------+---------
           D:1 |       0 |      43 |   0.0 |       0 |      27 |   0.0 |   845
           D:2 |       0 |      41 |   0.0 |       0 |      23 |   0.0 |   584
           D:3 |       0 |     296 |   0.0 |       0 |      37 |   0.0 |   946
           D:4 |       0 |    1288 |   0.0 |       0 |      30 |   0.0 |  1152
           D:5 |       0 |     260 |   0.0 |       0 |      14 |   0.0 |   665
           D:6 |       0 |     768 |   0.0 |       0 |      23 |   0.0 |   987
           D:7 |       0 |    1081 |   0.0 |       0 |      25 |   0.0 |   753
           D:8 |       0 |    1244 |   0.0 |       0 |      17 |   0.0 |   428
           D:9 |       0 |    1507 |   0.0 |       0 |       8 |   0.0 |   130
               +---------+---------+-------+---------+---------+-------+---------
